 Dungeon Crawl Stone Soup version 0.27-a0-103-g6cd7b45605 (webtiles) character file.

Game seed: 16162168269111051074

48 mortress the Insei (level 3, -2/28 HPs)
             Began as a Gnoll Transmuter on Jan 22, 2021.
             Hit by a goblin thrown by Robin (3 damage)
             ... on level 2 of the Dungeon.
             The game lasted 00:03:44 (1059 turns).

mortress the Insei (Gnoll Transmuter)               Turns: 1059, Time: 00:03:44

Health: -2/28      AC:  2    Str:  9 (12) XL:     3   Next: 72%
Magic:  9/9        EV: 14    Int: 14 (16) God:
Gold:   72         SH:  0    Dex: 13 (15) Spells: 11/12 levels left

rFire    . . .     SeeInvis .   j - +0 short sword
rCold    . . .     Faith    .   (no shield)
rNeg     . . .     Spirit   .   a - +0 robe
rPois    .         Reflect  .   (helmet currently unavailable)
rElec    .         Harm     .   (no cloak)
rCorr    .         Rampage  .   (no gloves)
Will     .....                  (boots currently unavailable)
Stlth    ++........             (no amulet)
HPRegen  0.09/turn              (no ring)
MPRegen  0.11/turn              (no ring)

@: appendages
A: distributed training, fangs 1, horns 2, talons 2, strong nose
a: End Transformation


You were on level 2 of the Dungeon.
You had grown temporary horns.
You had grown temporary talons.
You visited 1 branch of the dungeon, and saw 2 of its levels.

You collected 72 gold pieces.

Inventory:

Hand Weapons
 c - a cursed +0 dagger
 j - a +0 short sword (weapon)
Missiles
 f - 22 arrows
Armour
 a - a +0 robe (worn)
Jewellery
 b - an uncursed ring of wizardry {unknown}
Scrolls
 e - a scroll of magic mapping {unknown}
 g - a scroll of identify {unknown}
 h - a scroll of blinking {unknown}
 i - a scroll of remove curse {unknown}


   Skills:
 + Level 2.6 Fighting
 + Level 0.9 Short Blades
 + Level 0.9 Long Blades
 + Level 0.9 Axes
 + Level 0.9 Maces & Flails
 + Level 0.9 Polearms
 + Level 0.9 Staves
 + Level 0.9 Slings
 + Level 0.9 Bows
 + Level 0.9 Crossbows
 + Level 0.9 Throwing
 + Level 0.9 Armour
 + Level 4.5 Dodging
 + Level 0.9 Stealth
 + Level 0.9 Shields
 + Level 6.5 Unarmed Combat
 + Level 5.0 Spellcasting
 + Level 0.6 Conjurations
 + Level 0.6 Hexes
 + Level 0.6 Summonings
 + Level 0.6 Necromancy
 + Level 0.6 Translocations
 + Level 3.8 Transmutations
 + Level 0.6 Fire Magic
 + Level 0.6 Ice Magic
 + Level 0.6 Air Magic
 + Level 0.6 Earth Magic
 + Level 0.6 Poison Magic
 + Level 1.0 Invocations
 + Level 0.9 Evocations


You had 11 spell levels left.
You knew the following spells:

 Your Spells              Type           Power        Failure   Level
a - Beastly Appendage     Tmut           28%          3%          1

Your spell library contained the following spells:

 Spells                   Type           Power        Failure   Level
 Wereblood                Tmut           14%          5%          2
 Spider Form              Tmut/Pois      4%           22%         3
 Ice Form                 Ice/Tmut       9%           56%         4
 Blade Hands              Tmut           7%           71%         5


Dungeon Overview and Level Annotations

Branches:
Dungeon (2/15)

Altars:

Annotations:
D:2 Robin


Innate Abilities, Weirdness & Mutations

Your experience applies equally to all skills.
You have very sharp teeth.
Your uncanny sense of smell can sniff out nearby items.
You have a pair of horns on your head.
You have razor-sharp toenails.


Message History

It was a potion of degeneration.
There was something very wrong with that liquid.
You feel weakened.
You feel dopey.
You feel clumsy. The goblin closely misses you. The hobgoblin misses you.
The goblin hits you but does no damage. Robin throws the goblin at you!
* * * LOW HITPOINT WARNING * * *
The goblin misses you. The goblin hits you with a +0 dagger.
* * * LOW HITPOINT WARNING * * *
The goblin closely misses you. The goblin misses you.
Robin throws the goblin at you! The goblin hits you.
* * * LOW HITPOINT WARNING * * *
The goblin barely misses you. The goblin barely misses you.
The goblin unwields a +0 dagger.
The goblin wields a +0 hunting sling.
The goblin shoots a stone.
The stone barely misses you.
You see here a stone.
Robin flexes a bicep menacingly.
Robin throws the goblin at you!
You die...

###.###.♣
(.......♣♣
.##.#....♣ ∆ #
#.#.♣♣ ##.#.#..♣
+......♣♣
##.#...♣♣
#.#g#..♣♣♣ ♣♣ . #
#@#.)..♣♣.♣ ..
#.####..♣.♣♣...
#g# #..#.#..###
#g###..)).......
#.#gg.g†..)......!
#....g..))........
#............#####
...............#
####........?..#


You could see Robin, 2 hobgoblins and 2 goblins.

Vanquished Creatures
  2 dart slugs
  A leopard gecko (D:1)
  3 giant cockroaches (D:1)
  9 goblins
  8 hobgoblins
  10 bats (D:1)
  3 kobolds
  3 rats (D:1)
39 creatures vanquished.

Notes
Turn   | Place    | Note
-------+----------+-------------------------------------------
     0 | D:1      | mortress the Gnoll Transmuter began the quest for the Orb.
     0 | D:1      | Reached XP level 1. HP: 17/17 MP: 6/6
    92 | D:1      | Reached XP level 2. HP: 23/23 MP: 7/7
   365 | D:1      | Reached XP level 3. HP: 27/28 MP: 9/9
   373 | D:1      | Reached skill level 5 in Spellcasting
   862 | D:2      | Reached skill level 1 in Invocations
  1036 | D:2      | Identified the +1 helmet of Foolhardiness {-Cast rF+++
                  | Str-5 SInv}
  1036 | D:2      | Noticed Robin
  1055 | D:2      | HP: 1/28 [goblin[Robin] (1)]
  1059 | D:2      | Hit by a goblin thrown by Robin

Illustrated notes

Levels and vault maps discovered:
D:1:      nicolae_arrival_memento_mori, layout_basic, st_stairs_3
D:2:      layout_basic, chequers_ecumenical_altar_grove, serial_glass,
          glass_columns_a, glass_columns_a, glass_columns_a, glass_columns_b,
          glass_columns_a, glass_columns_a, glass_columns_a, glass_columns_b,
          glass_columns_c, glass_columns_c, uniq_sigmund, uniq_terence,
          uniq_robin

Skill      XL: |  1  2  3 |
---------------+----------+-----
Spellcasting   | 5 |  5.0
Invocations    | 1 |  1.0
Fighting       | |  2.6
Short Blades   | |  0.9
Long Blades    | |  0.9
Axes           | |  0.9
Maces & Flails | |  0.9
Polearms       | |  0.9
Staves         | |  0.9
Slings         | |  0.9
Bows           | |  0.9
Crossbows      | |  0.9
Throwing       | |  0.9
Armour         | |  0.9
Dodging        | |  4.5
Stealth        | |  0.9
Shields        | |  0.9
Unarmed Combat | |  6.5
Conjurations   | |  0.6
Hexes          | |  0.6
Summonings     | |  0.6
Necromancy     | |  0.6
Translocations | |  0.6
Transmutations | |  3.8
Fire Magic     | |  0.6
Ice Magic      | |  0.6
Air Magic      | |  0.6
Earth Magic    | |  0.6
Poison Magic   | |  0.6
Evocations     | |  0.9

Action                   || total
-------------------------++-------
Melee: Unarmed           ||    59
       Kick              ||    12
       Bite              ||     5
       Headbutt          ||     6
       Short sword       ||    17
       Punch             ||     1
 Cast: Beastly Appendage ||    16
  Use: Potion            ||     1
 Stab: Sleeping          ||     3
Armor: Robe              ||    16
Dodge: Dodged            ||    63

Table legend: (Time is in decaauts)
 A = Elapsed time spent in this place.
 B = Non-inter-level travel time spent in this place.
 C = Inter-level travel time spent in this place.
 D = Time resting spent in this place.
 E = Time spent auto-exploring this place.
 F = Levels seen in this place.
 G = Mean time per level.
                   A        B        C        D        E       F      G
               +--------+--------+--------+--------+--------+-----+--------+
         Total |   1052 |   1036 |     16 |    153 |    637 |   2 |  526.0 |
       Dungeon |   1052 |   1036 |     16 |    153 |    637 |   2 |  526.0 |
               +--------+--------+--------+--------+--------+-----+--------+

Top non-repeatable levels by time:
     D:1: 843 daAuts
     D:2: 209 daAuts
